 Dungeon Crawl Stone Soup version 0.24.0-125-gc4c63601f3 (webtiles) character file.

Game seed: 8462200962259658602, levelgen mode: deterministic

196714 shadizar the Warrior (level 18, 0/120 HPs)
             Began as a Gargoyle Fighter on Mar 13, 2020.
             Was the Champion of the Shining One.
             Slain by a redback (8 damage)
             ... on level 2 of the Spider Nest.
             The game lasted 01:17:36 (36943 turns).

shadizar the Warrior (Gargoyle Fighter)            Turns: 36943, Time: 01:17:36

Health: 0/120      AC: 42    Str: 26    XL:     18   Next: 38%
Magic:  23/26      EV: 10    Int: 15    God:    the Shining One [******]
Gold:   1866       SH:  0    Dex:  9    Spells: 17/17 levels left

rFire    + + +     SeeInvis .   N - +10 trident of Feso {pierce, -Tele *Noise rF+++ Int+4}
rCold    + . .     Gourm    +   d - +0 large shield
rNeg     + + +     Faith    .   D - +3 plate armour {rF+}
rPois    ∞         Spirit   .   t - +2 hat {MR+}
rElec    +         Reflect  .   z - +2 cloak {rPois}
rCorr    +         Harm     .   u - +1 pair of gloves
MR       ++...     NoTele   +   E - +0 pair of boots
Stlth    ..........             T - amulet of the gourmand
HPRegen  0.30/turn              U - ring of protection from cold
MPRegen  0.20/turn              B - ring of resist corrosion

@: confused, flying, glowing
A: big wings, negative energy resistance 1, electricity resistance, unbreathing,
petrification resistance, rot immunity, AC +13
}: 1/15 runes: decaying
a: Stop Flying, Divine Shield, Cleansing Flame, Summon Divine Warrior, Brand
Weapon With Holy Wrath, Renounce Religion


You were on level 2 of the Spider Nest.
You worshipped the Shining One.
The Shining One was exalted by your worship.
You were not hungry.

You visited 6 branches of the dungeon, and saw 31 of its levels.

You collected 3304 gold pieces.
You spent 1438 gold pieces at shops.

Inventory:

Hand Weapons
 x - the +5 battleaxe of the People {chop, rF+ SInv}
   (You found it on level 6 of the Lair of Beasts)

   It inflicts extra damage upon your enemies.
   It protects you from fire.
   It lets you see invisible.
 F - a +2 flail of protection
 K - a +1 morningstar of flaming
 N - the +10 trident of Feso (weapon) {pierce, -Tele *Noise rF+++ Int+4}
   (You took it off a spriggan on level 2 of the Swamp)

   It inflicts extra damage upon your enemies.
   It affects your intelligence (+4).
   It renders you almost immune to fire.
   It may make noises in combat.
   It prevents most forms of teleportation.
Armour
 d - a +0 large shield (worn)
 t - a +2 hat of magic resistance (worn)
 u - a +1 pair of gloves (worn)
 z - a +2 cloak of poison resistance (worn)
 D - a +3 plate armour of fire resistance (worn)
 E - a +0 pair of boots (worn)
 H - +0 ice dragon scales
Jewellery
 n - an uncursed amulet of harm
 v - the ring "Hioklohu" {Ice Int+2}
   (You found it on level 6 of the Lair of Beasts)

   [ring of ice]

   It enhances your ice magic.
   It affects your intelligence (+2).
   It makes you vulnerable to fire.
   It protects you from cold.
 A - a +2 ring of strength
 B - a ring of resist corrosion (right hand)
 O - an uncursed ring of wizardry {unknown}
 P - an uncursed amulet of faith
 T - an amulet of the gourmand (around neck)
 U - a ring of protection from cold (left hand)
Wands
 c - a wand of paralysis (9)
 w - a wand of digging (28)
 C - a wand of flame (68)
 G - a wand of iceblast (4)
 I - a wand of polymorph (15)
 Q - a wand of enslavement (8)
 R - a wand of disintegration (12)
Scrolls
 e - a scroll of fear
 g - 12 scrolls of remove curse
 j - 5 scrolls of blinking
 k - 3 scrolls of magic mapping
 l - 20 scrolls of identify
 o - 3 scrolls of enchant armour
 p - a scroll of summoning
 q - 5 scrolls of enchant weapon
 r - 10 scrolls of teleportation
 y - a scroll of fog
 J - a scroll of brand weapon
Potions
 b - 2 potions of might
 h - 2 potions of cancellation
 i - 3 potions of curing
 m - 8 potions of haste
 s - 8 potions of agility
 L - 2 potions of ambrosia
 Z - 4 potions of resistance
Miscellaneous
 a - a lamp of fire (inert)
 M - a lightning rod (4/4)
Comestibles
 f - 54 rations
 S - 3 chunks of flesh


   Skills:
 + Level 15.8 Fighting
 - Level 13.3 Maces & Flails
 * Level 9.9 Polearms
 + Level 14.0 Armour
 + Level 10.9 Dodging
 + Level 14.0 Shields
 - Level 11.2 Invocations


You had 17 spell levels left.
You didn't know any spells.
Your spell library contained the following spells:

 Spells                   Type           Power        Failure   Level  Hunger
 Confusing Touch          Hex            #.....       100%        1    ##.....
 Corona                   Hex            #......      100%        1    ##.....
 Flame Tongue             Conj/Fire      #....        100%        1    ##.....
 Infusion                 Chrm           #...         100%        1    ##.....
 Magic Dart               Conj           #...         100%        1    ##.....
 Summon Small Mammal      Summ           #...         100%        1    ##.....
 Blink                    Tloc           N/A          100%        2    ###....
 Call Imp                 Summ           #.......     100%        2    ###....
 Ensorcelled Hibernation  Hex/Ice        #.....       100%        2    ###....
 Shroud of Golubria       Chrm/Tloc      #.....       100%        2    ###....
 Slow                     Hex            #.......     100%        2    ###....
 Song of Slaying          Chrm           #.......     100%        2    ###....
 Throw Flame              Conj/Fire      #.....       100%        2    ###....
 Call Canine Familiar     Summ           #.......     100%        3    ####...
 Confuse                  Hex            #.......     100%        3    ####...
 Conjure Flame            Conj/Fire      #.......     100%        3    ####...
 Dazzling Spray           Conj/Hex       #.....       100%        3    ####...
 Gell's Gravitas          Tloc           #.........   100%        3    ####...
 Ignite Poison            Fire/Tmut/Pois #.......     100%        3    ####...
 Inner Flame              Hex/Fire       #.......     100%        3    ####...
 Lesser Beckoning         Tloc           #.........   100%        3    ####...
 Mephitic Cloud           Conj/Pois/Air  #.......     100%        3    ####...
 Regeneration             Chrm/Necr      #.........   100%        3    ####...
 Spectral Weapon          Hex/Chrm       #.......     100%        3    ####...
 Summon Guardian Golem    Hex/Summ       #.......     100%        3    ####...
 Teleport Other           Tloc           #.......     100%        3    ####...
 Tukima's Dance           Hex            #.......     100%        3    ####...
 Passage of Golubria      Tloc           N/A          100%        4    #####..
 Petrify                  Tmut/Erth      #.......     100%        4    #####..
 Sticky Flame             Conj/Fire      #.......     100%        4    #####..
 Summon Ice Beast         Ice/Summ       #.......     100%        4    #####..
 Summon Lightning Spire   Summ/Air       #.......     100%        4    #####..
 Fireball                 Conj/Fire      #.........   100%        5    ######.
 Irradiate                Conj/Tmut      #.........   100%        5    ######.
 Metabolic Englaciation   Hex/Ice        #.........   100%        5    ######.
 Yara's Violent Unravell  Hex/Tmut       #.........   100%        5    ######.
 Bolt of Fire             Conj/Fire      #.........   100%        6    #######
 Hydra Form               Tmut           #.........   100%        6    #######
 Dragon Form              Tmut           #.........   100%        7    #######
 Ring of Flames           Chrm/Fire      #.........   100%        7    #######
 Ignition                 Fire           #.........   100%        8    #######
 Statue Form              Tmut/Erth      Unusable     N/A         6    N/A

Dungeon Overview and Level Annotations

Branches:
Dungeon (15/15)            Temple (1/1) D:5            Lair (6/6) D:10
  Swamp (4/4) Lair:3       Spider (3/4) Lair:4        Slime (0/5) Lair:6
    Orc (2/2) D:11            Elf (0/3) Orc:2        Vaults (0/5) D:13
 Depths (0/5) D:15

Altars:
Ashenzari
Cheibriados
Dithmenos
Elyvilon
Fedhas
Gozag
Hepliaklqana
Kikubaaqudgha
Makhleb
Nemelex Xobeh
Okawaru
Qazlal
Ru
Sif Muna
Trog
Uskayaw
Vehumet
Wu Jian
Xom
Yredelemnul
Zin
The Shining One

Shops:
D:4 =   D:5 [   D:6 *   D:10 (*(   D:12 %   D:14 [   D:15 (   Orc:1 :
Orc:2 [=*%

Annotations:
D:5 1 runed translucent door, laxxamousse2's ghost, amateur OpTm
D:12 3 runed translucent doors, exclusion: obsidian statue, Valus's ghost, journeyman GnNe


Innate Abilities, Weirdness & Mutations

You are resistant to torment.
Your stone body is resilient. (AC +13)
You are immune to poison.
Your large and strong wings let you fly indefinitely.
You resist negative energy. (rN+)
You are resistant to electric shocks. (rElec)
You can survive without breathing.
You are immune to petrification.
You are immune to rotting.


Message History

The tarantella rages.
Unknown command.
Unknown command.
Unknown command.
Unknown command.
Unknown command.
Unknown command.
Okay, then.
The redback closely misses you. The redback bites you.
* * * LOW HITPOINT WARNING * * *
Unknown command.
The redback bites you but does no damage.
The redback bites you.
* * * LOW HITPOINT WARNING * * *
Okay, then.
Aim the lamp in which direction?
Press: ? - help, Dir - move target cursor, f - redback
Aim: a redback (moderately wounded, berserk, fast, unusually strong, clinging, haloed)
The flames dance!
The redback completely misses you. The redback bites you!
You die...

......###....#....###########
#......#......#...).#..#....#
....#.##^##...#.^.#.#.......##
....#.#.#..#..#...#>..#..#...#
...##...#.^##...##...#..#....#
.#...#..#...#........#.....###
#....#..#...#........^......#
##......#...#..######.####.##
.....#......#..#@.#^.....#..##
..#.......#.#.sss....#.<##...#
..##...#..#.†>†^###........^####
#......#..#..†##....###...†..#^##
###.#.....#..........#.#.#......#
#.#.##....#.......#####.#.#...###
.......#......###..^......#.###
.#....#.[.#........^....##...#
#...##^#....##.###.##........#


You could see 3 redbacks.

Vanquished Creatures
  A bone dragon (Swamp:4)
  The ghost of degu the Impaler, an adept MfSk of Hepliaklqana (Swamp:2)
  2 thorn hunters
  Aizul (Swamp:3)
  3 emperor scorpions
  A war gargoyle (D:13)
  3 entropy weavers
  Nessos (D:14)
  Snorg (D:11)
  2 fire dragons
  Josephine (D:14)
  Harold (D:11)
  An ice dragon (D:15)
  18 hydras
  Erolcha (D:10)
  6 ghost crabs
  4 shambling mangroves
  15 two-headed ogres
  3 centaur warriors
  3 ogre magi
  2 tengu warriors (D:13)
  8 alligators
  Urug (D:13)
  5 death yaks
  A deep elf knight (D:13)
  2 spriggan druids
  A skeletal warrior (D:13)
  An unseen horror (D:15)
  2 deep trolls (Orc:2)
  3 spectral hydras (Swamp:4)
  7 swamp dragons
  2 lindwurms (Lair:6)
  8 wolf spiders
  3 deep elf magi (D:13)
  An obsidian statue (D:12)
  10 orb spiders
  A wolf spider zombie (D:15)
  2 orc knights (Orc:2)
  4 orc sorcerers
  5 cyclopes
  A manticore (D:11)
  41 slime creatures
  2 ugly things
  6 elephants (Lair:4)
  Maurice (D:10)
  A guardian serpent (Lair:6)
  5 centaur zombies
  10 gargoyles
  9 black mambas
  23 spiny frogs
  5 komodo dragons
  8 torpor snails
  10 demonic crawlers
  2 hydra zombies (Swamp:4)
  4 rime drakes
  A polar bear (Lair:3)
  5 swamp worm zombies (Swamp:4)
  15 trolls
  18 jumping spiders
  A queen bee (Lair:1)
  Prince Ribbit (D:7)
  23 hornets
  A meliai (shapeshifter) (D:15)
  12 tyrant leeches
  Grinder (D:3)
  13 blink frogs
  2 alligator zombies (Swamp:4)
  13 bog bodies
  4 spectral swamp dragons (Swamp:4)
  5 dream sheep (Lair:6)
  8 hippogriffs
  A shadow (D:14)
  10 tarantellas
  44 redbacks
  2 water elementals (D:15)
  6 spriggans
  7 wraiths
  23 yaks
  4 hogs (D:9)
  A human (D:9)
  A vampire (D:10)
  2 basilisks (Lair:6)
  A human (shapeshifter) (D:15)
  12 wyverns
  21 vampire mosquitoes
  3 hungry ghosts
  14 insubstantial wisps
  20 swamp worms
  A warg (Orc:2)
  24 water moccasins
  12 porcupines
  A hornet zombie (D:15)
  2 ice beasts
  6 sky beasts
  5 swamp drakes
  22 orc warriors
  9 phantoms
  9 wolves
  29 ogres
  5 swamp dragon zombies (Swamp:4)
  A boggart (D:13)
  9 centaurs
  A crocodile (shapeshifter) (D:10)
  15 crocodiles
  7 big kobolds
  19 bullfrogs
  A wyvern zombie (D:13)
  A troll zombie (D:11)
  2 wyvern skeletons (D:13)
  6 scorpions
  44 killer bees
  4 wights (D:11)
  6 electric eels
  8 howler monkeys
  4 crimson imps
  3 bullfrog skeletons
  2 quasits (D:10)
  4 hounds
  2 bullfrog zombies
  5 jellies
  20 orc wizards
  15 orc priests
  7 centaur skeletons
  Jessica (D:2)
  6 iguanas
  8 worker ants
  A killer bee zombie (D:7)
  5 ogre zombies (D:11)
  Robin (D:3)
  10 gnolls
  A swamp drake zombie (Swamp:4)
  13 adders
  3 shadow imps
  An ooze (D:5)
  2 adder zombies
  An adder skeleton (D:8)
  A worm (D:2)
  A dart slug (D:2)
  4 leopard geckos
  87 orcs
  8 bats
  9 giant cockroaches
  14 goblins
  5 hobgoblins
  8 jackals
  3 quokkas
  3 frilled lizards
  3 goblin skeletons (D:11)
  2 goblin zombies (D:11)
  4 hobgoblin zombies (D:11)
  2 jackal zombies (D:5)
  22 kobolds
  A leopard gecko zombie (D:5)
  2 orc skeletons (D:11)
  8 orc zombies (D:11)
  9 rats
  27 plants (Lair:1)
1148 creatures vanquished.

Vanquished Creatures (collateral kills)
  2 slime creatures (Swamp:2)
2 creatures vanquished.

Vanquished Creatures (others)
  A wolf spider (Spider:2)
  A tyrant leech (Swamp:4)
  2 redbacks (Spider:2)
  2 insubstantial wisps
  2 swamp drakes
  An orc (D:7)
  13 fungi
  50 plants
72 creatures vanquished.

Grand Total: 1222 creatures vanquished

Notes
Turn   | Place    | Note
-------+----------+-------------------------------------------
     0 | D:1      | shadizar the Gargoyle Fighter began the quest for the Orb.
     0 | D:1      | Reached XP level 1. HP: 14/14 MP: 1/1
   225 | D:1      | Reached XP level 2. HP: 20/20 MP: 2/2
   547 | D:1      | Reached skill level 4 in Fighting
   689 | D:2      | Noticed Jessica
   703 | D:2      | Killed Jessica
   703 | D:2      | Reached XP level 3. HP: 19/24 MP: 3/3
   811 | D:2      | Reached XP level 4. HP: 19/30 MP: 4/4
   985 | D:2      | Reached skill level 5 in Fighting
  1043 | D:2      | Found an iron altar of Okawaru.
  1194 | D:3      | Identified the cursed -6 helmet of the Earth {+Inv Int+2}
  1194 | D:3      | Noticed Robin
  1215 | D:3      | Killed Robin
  1234 | D:3      | Reached XP level 5. HP: 26/35 MP: 5/5
  1346 | D:3      | Noticed Grinder
  1383 | D:3      | Killed Grinder
  1383 | D:3      | Reached skill level 6 in Fighting
  1383 | D:3      | Reached XP level 6. HP: 19/42 MP: 6/6
  1420 | D:3      | Found a basalt altar of Yredelemnul.
  1749 | D:3      | Reached skill level 7 in Fighting
  2152 | D:3      | Found a shattered altar of Ashenzari.
  2347 | D:4      | Reached XP level 7. HP: 45/48 MP: 7/7
  2814 | D:4      | Found Pucsyu's Jewellery Emporium.
  2849 | D:5      | Entered Level 5 of the Dungeon
  2871 | D:5      | Reached skill level 8 in Fighting
  2896 | D:5      | Reached skill level 5 in Maces & Flails
  3090 | D:5      | Found a runed translucent door.
  3155 | D:5      | Found Cojyode's Armour Shoppe.
  3203 | D:5      | Reached XP level 8. HP: 52/55 MP: 8/8
  3305 | D:5      | Found a glowing silver altar of Zin.
  3305 | D:5      | Found a white marble altar of Elyvilon.
  3306 | D:5      | Found a glowing golden altar of the Shining One.
  3451 | D:5      | Found a staircase to the Ecumenical Temple.
  3460 | Temple   | Entered the Ecumenical Temple
  3764 | D:5      | Became a worshipper of the Shining One
  3854 | D:5      | Noticed laxxamousse2's ghost (amateur OpTm)
  4012 | D:6      | Got a scorched whip
  4015 | D:6      | Reached skill level 9 in Fighting
  4120 | D:6      | Found Qynec's General Store.
  4260 | D:6      | Reached skill level 1 in Invocations
  4344 | D:6      | Reached skill level 1 in Dodging
  4385 | D:6      | Got a smelly leather armour
  4687 | D:6      | Identified the +5 whip of the Equinox {drain, Str+4} (You
                  | found it on level 6 of the Dungeon)
  4708 | D:6      | Identified the cursed +1 leather armour of the Rabble
                  | {rElec Int+2} (You found it on level 6 of the Dungeon)
  5072 | D:6      | Reached XP level 9. HP: 25/61 MP: 10/10
  5463 | D:7      | Found a shimmering blue altar of Sif Muna.
  5503 | D:7      | Found a sparkling altar of Nemelex Xobeh.
  5607 | D:7      | Reached * piety under the Shining One
  5638 | D:7      | Noticed Prince Ribbit
  5648 | D:7      | Killed Prince Ribbit
  5648 | D:7      | Reached skill level 5 in Shields
  5728 | D:7      | Reached skill level 5 in Armour
  5811 | D:7      | Reached skill level 10 in Fighting
  6201 | D:8      | Noticed a two-headed ogre
  6217 | D:7      | Reached XP level 10. HP: 57/68 MP: 13/13
  6297 | D:8      | Killed a two-headed ogre
  6424 | D:8      | Reached skill level 5 in Invocations
  6582 | D:8      | Found an opulent altar of Gozag.
  6625 | D:8      | Reached ** piety under the Shining One
  6705 | D:8      | Found a sacrificial altar of Ru.
  6941 | D:9      | Noticed a two-headed ogre
  6949 | D:9      | Killed a two-headed ogre
  7102 | D:9      | Reached XP level 11. HP: 53/73 MP: 15/15
  7179 | D:9      | Reached skill level 11 in Fighting
  7857 | D:10     | Entered Level 10 of the Dungeon
  7912 | D:10     | Found a staircase to the Lair.
  8003 | D:10     | Noticed Erolcha
  8019 | D:10     | Killed Erolcha
  8228 | D:10     | Found Ysofaxeu's Weapon Boutique.
  8326 | D:10     | Reached skill level 5 in Dodging
  8440 | D:10     | Found Xungimp's Assorted Antiques.
  8538 | D:10     | Reached *** piety under the Shining One
  8554 | D:10     | Found Usoppi's Weapon Shop.
  8753 | D:10     | Noticed Maurice
  8864 | D:10     | Killed Maurice
  8881 | Lair:1   | Entered Level 1 of the Lair of Beasts
  9164 | Lair:1   | Reached XP level 12. HP: 65/80 MP: 17/17
  9455 | Lair:1   | Noticed an eight-headed hydra
  9566 | Lair:1   | Killed an eight-headed hydra
  9873 | Lair:1   | Noticed a four-headed hydra
  9884 | Lair:1   | Killed a four-headed hydra
 10270 | Lair:1   | Reached skill level 12 in Fighting
 11881 | Lair:3   | Found a burning altar of Makhleb.
 11889 | Lair:3   | Found a staircase to the Swamp.
 12613 | Lair:3   | Reached XP level 13. HP: 68/86 MP: 19/19
 12627 | Lair:3   | Reached skill level 10 in Maces & Flails
 13857 | Lair:4   | Reached **** piety under the Shining One
 13900 | Lair:4   | Found a hole to the Spider Nest.
 15019 | Lair:4   | Got a warped great sword
 15029 | Lair:4   | Identified the cursed +1 great sword of Makhleb's Approval
                  | {slice, rF+ rN+} (You found it on level 4 of the Lair of
                  | Beasts)
 15351 | Lair:5   | Reached skill level 10 in Armour
 15412 | Lair:5   | Reached skill level 10 in Shields
 16341 | Lair:6   | Entered Level 6 of the Lair of Beasts
 16366 | Lair:6   | Found a staircase to the Slime Pits.
 16381 | Lair:6   | Reached skill level 13 in Fighting
 16393 | Lair:6   | Gained mutation: Your large and strong wings let you fly
                  | indefinitely. [Gargoyle growth]
 16393 | Lair:6   | Reached XP level 14. HP: 74/94 MP: 21/21
 16602 | Lair:6   | Got a bloodstained battleaxe
 16617 | Lair:6   | Reached skill level 10 in Invocations
 17786 | Lair:6   | Found a runed translucent door.
 17982 | Lair:6   | Got a fine glass ring
 18520 | Lair:6   | Identified the ring "Hioklohu" {Ice Int+2} (You found it on
                  | level 6 of the Lair of Beasts)
 18531 | Lair:6   | Identified the +5 battleaxe of the People {chop, rF+ SInv}
                  | (You found it on level 6 of the Lair of Beasts)
 19966 | D:11     | Noticed Snorg
 19967 | D:11     | Noticed Harold
 20008 | D:11     | Killed Harold
 20243 | D:11     | Reached ***** piety under the Shining One
 20253 | D:11     | Found a staircase to the Orcish Mines.
 20500 | D:11     | Killed Snorg
 20813 | D:11     | Reached XP level 15. HP: 100/100 MP: 23/23
 20951 | D:12     | Found Rysacuud's Food Boutique.
 21470 | D:12     | Found a runed translucent door.
 21476 | D:12     | Found a runed translucent door.
 21495 | D:12     | Found a runed translucent door.
 21562 | D:12     | Found a runed translucent door.
 21884 | D:12     | Found a runed translucent gate.
 21884 | D:12     | Found a runed translucent gate.
 21886 | D:12     | Found an opulent altar of Gozag.
 21886 | D:12     | Found a runed translucent gate.
 21888 | D:12     | Noticed Valus's ghost (journeyman GnNe)
 21957 | D:13     | Noticed Urug
 21987 | D:13     | Killed Urug
 22132 | D:13     | Reached skill level 14 in Fighting
 22223 | D:13     | Found a sparkling altar of Nemelex Xobeh.
 22777 | D:13     | Found a gate to the Vaults.
 23108 | Orc:1    | Entered Level 1 of the Orcish Mines
 23200 | Orc:2    | Entered Level 2 of the Orcish Mines
 24060 | Orc:2    | Found Miyfotaz's Food Shop.
 24068 | Orc:2    | Found Abohe's Jewellery Shop.
 24093 | Orc:2    | Reached XP level 16. HP: 55/107 MP: 24/24
 24360 | Orc:2    | Found Afirior's Antique Armour Shoppe.
 24370 | Orc:2    | Found Uzi Irho's Assorted Antiques.
 24373 | Orc:2    | Bought a fine chain mail for 275 gold pieces
 24373 | Orc:2    | Bought an embroidered cloak for 217 gold pieces
 24378 | Orc:2    | Bought a glowing plate armour for 676 gold pieces
 24491 | Orc:2    | Found a staircase to the Elven Halls.
 24590 | Orc:2    | Identified the cursed +1 chain mail "Enio" {Regen+} (You
                  | bought it in a shop on level 2 of the Orcish Mines)
 24657 | Orc:1    | Found a bloodstained altar of Trog.
 24696 | Orc:1    | Found Qawag's Book Emporium.
 25120 | D:14     | Found Enwa's Antique Armour Shoppe.
 25133 | D:14     | Noticed Nessos
 25152 | D:14     | Killed Nessos
 25157 | D:14     | Bought a shiny helmet for 270 gold pieces
 25210 | D:14     | Noticed Josephine
 25224 | D:14     | Killed Josephine
 25396 | D:14     | Reached ****** piety under the Shining One
 25582 | D:14     | Found a stormy altar of Qazlal.
 25853 | D:15     | Entered Level 15 of the Dungeon
 26232 | D:15     | Found a glowing silver altar of Zin.
 26269 | D:15     | Found Qidauj's Antique Weapon Shop.
 26462 | D:15     | Found a staircase to the Depths.
 26833 | Swamp:1  | Entered Level 1 of the Swamp
 27171 | Swamp:1  | Reached skill level 10 in Dodging
 27217 | Swamp:1  | Reached skill level 15 in Fighting
 29045 | Swamp:2  | Found a runed translucent door.
 29067 | Swamp:2  | Noticed degu's ghost (adept MfSk)
 29090 | Swamp:2  | Reached XP level 17. HP: 48/113 MP: 25/25
 29346 | Swamp:2  | Identified the +10 trident of Feso {pierce, -Tele *Noise
                  | rF+++ Int+4}
 29432 | Swamp:2  | Killed degu's ghost
 29677 | Swamp:2  | Reached skill level 1 in Polearms
 30508 | Swamp:3  | Noticed Aizul
 30537 | Swamp:3  | Killed Aizul
 31025 | Swamp:3  | Reached skill level 5 in Polearms
 31589 | Swamp:4  | Entered Level 4 of the Swamp
 32393 | Swamp:4  | Noticed a bone dragon
 32449 | Swamp:4  | Killed a bone dragon
 33071 | Swamp:4  | Got a decaying rune of Zot
 33262 | Spider:1 | Entered Level 1 of the Spider Nest
 34026 | Spider:1 | Reached XP level 18. HP: 117/119 MP: 26/26
 35094 | Spider:1 | HP: 1/120 [jumping spider (11)]
 36943 | Spider:2 | Slain by a redback

Levels and vault maps discovered:
D:1:      minmay_arrival_diagonal_passages, layout_loops_ring,
          serial_bayou_pond_e
D:2:      layout_rooms, overflow_temple_1_default, uniq_jessica
D:3:      layout_rooms, lemuel_crystal_altar, ashenzari_altar_1, uniq_robin,
          uniq_grinder
D:4:      layout_loops_ring, serial_shops, kennysheep_mini_moat, first_ration,
          minivault_4, kennysheep_doodads, chequers_mini_garden
D:5:      layout_basic, good_gods_temple_1, temple_hall, serial_shops,
          kennysheep_little_box, ebering_ghost_sewer_d
D:6:      layout_cave_pods, serial_shops, shop
D:7:      layout_basic, nemelex_xobeh_ov_fountains_minmay, lemuel_doored_altar,
          uniq_prince_ribbit1
D:8:      layout_rooms, nicolae_ru_path_of_blood, grunt_gozag_breadcrumbs
D:9:      layout_basic, grunt_livestock, bh_walls_and_bars
D:10:     minmay_distorted_concentric_squares, layout_rooms,
          minmay_lair_entry_grove, serial_shops, shop, shop_statue, shop,
          kennysheep_generic_room_7, uniq_maurice, uniq_erolcha
D:11:     layout_roguey, zombieorc1_lemuel, uniq_snorg, uniq_harold
D:12:     layout_rooms, serial_shops, shop_fountains, ebering_ghost_gozag,
          drop_trap, minmay_statue_crystal_thing
D:13:     gargoyle_guard, layout_rooms, hangedman_vaults_entry_quadrant_bands,
          basic_altar, uniq_urug
D:14:     layout_roguey, serial_shops, shop, basic_altar, serial_park_tiny_pond,
          uniq_josephine, uniq_nessos
D:15:     grunt_enter_depths_hoard, layout_basic, basic_altar, serial_shops,
          shop
Temple:   nicolae_temple_figure_eight
Lair:1:   wad_woods_structure_01, layout_long_grid, special_room
          [special_room_bee]
Lair:2:   layout_regular_city, grunt_megastairs_3, serial_bayou_shore_b,
          serial_bayou_shore_a
Lair:3:   layout_layer_cave, skrybe_swamp_entry_bodies, basic_altar,
          serial_bayou_lagoon_b
Lair:4:   layout_cave_pods, dummy_spider_entry, serial_bayou_shore_b,
          grunt_megastairs_1
Lair:5:   layout_roguey, grunt_megastairs_4, infiniplex_staircase_pool
Lair:6:   wormcave, layout_small_grid, hangedman_lair_tendril_chambers,
          slime_dummy, st_stairs_11, serial_bayou_pond_d, lemuel_fruit_tree
Swamp:1:  layout_basic_swamp, evilmike_swamp_ruin_house_1
Swamp:2:  layout_falls_marsh, ebering_ghost_funeral_grove,
          nicolae_swamp_fairy_circle
Swamp:3:  layout_basic_swamp, evilmike_swamp_ruin_house_6, uniq_aizul
Swamp:4:  swamp_pestilence, layout_basic_swamp, swamp_pool1
Spider:1: layout_spider_delve
Spider:2: layout_spider_delve
Spider:3: layout_spider_delve
Orc:1:    layout_diamond_mine, serial_shops, shop, bloody_trog
Orc:2:    st_orc_open, layout_caves

Skill      XL: |  1  2  3  4  5  6  7  8  9 10 11 12 13 14 15 16 17 18 |
---------------+-------------------------------------------------------+-----
Fighting       | 4 5 6 7 8 9 10 11 12 13 14 15 | 15.8
Maces & Flails | 3 4 5 6 7 8 9 10 11 12 13 | 13.3
Invocations    | 2 4 5 7 8 9 11 | 11.2
Dodging        | 1 3 4 5 6 7 8 9 10 | 10.9
Armour         | 4 5 6 8 9 10 11 12 13 14 | 14.0
Shields        | 4 5 6 8 9 10 11 12 13 14 | 14.0
Polearms       | 9 |  9.9

Action                   |  1- 3 |  4- 6 |  7- 9 | 10-12 | 13-15 | 16-18 || total
-------------------------+-------+-------+-------+-------+-------+-------++-------
Melee: Flail             |   110 |   278 |   328 |       |       |       ||   716
       Morningstar       |       |       |   171 |  1089 |  1511 |   810 ||  3581
       Trident           |       |       |       |       |       |  1031 ||  1031
Invok: Divine Shield     |       |       |       |     2 |    17 |    11 ||    30
       Cleansing Flame   |       |       |       |       |     2 |    25 ||    27
 Abil: Fly               |       |       |       |       |     1 |       ||     1
Evoke: Lamp of fire      |       |       |       |       |       |     1 ||     1
  Use: Scroll            |       |       |     3 |       |    31 |     2 ||    36
       Potion            |       |       |     1 |     2 |     6 |    13 ||    22
  Eat: Chunk             |       |     5 |    14 |    22 |    51 |    46 ||   138
       Ration            |       |       |       |     2 |     1 |       ||     3
Armor: Scale mail        |    74 |   140 |   211 |       |       |       ||   425
       Chain mail        |       |       |   126 |       |       |       ||   126
       Plate armour      |       |       |       |   655 |   981 |  1878 ||  3514
Dodge: Dodged            |    39 |    98 |   174 |   322 |   588 |  1017 ||  2238
Block: Shield            |    66 |   170 |   284 |   622 |  1233 |  1386 ||  3761
       Large shield      |       |       |       |       |       |   726 ||   726
